AoeStats
← OffensiveMars

Arena

509349504Analyzed
3v3 RM · 5d ago on Sep 26, 2026· 48m 3s· 6 players
Game mode
Random Map
Map size
Normal (6 player)
Population
200
Speed
Normal
Resources
Standard
Victory
Conquest
Starting age
Dark Age
Ending age
Imperial Age
RankedLock teamsTeams togetherTeam positionsShared explorationLock speedFull tech treeHidden civsTurbo modeCheats
Victory
Defeat
🇸🇪 Varangians · Sweden
1268
+11
🇸🇪 Britons · Sweden
1209
+14
🇸🇪 Koreans · Sweden
1182
+15
🇬🇧 Wu · United Kingdom
1225
-15
🇺🇸 Wei · United States
1190
-15
🇺🇸 Varangians · United States
1073
-10
IamZlatanIbrahimovic
10:12 Feudal Age
13:47 Castle Age
11:53 Double-Bit Axe
11:49 Horse Collar
14:59 Bow Saw
14:56 Heavy Plow
20:19 Wheelbarrow
20:07 Stone Mining
23:31 Stone Shaft Mining
22:49 Gold Mining
24:27 Hand Cart
30:12 Imperial Age
27:38 Loom
28:00 Scale Mail Armor
28:10 Forging
28:26 Squires
28:12 Arson
28:13 Gambesons
29:09 Chain Mail Armor
30:18 Iron Casting
30:24 Elite Varangian Guard
31:51 Gothikon
32:42 Pikeman
34:21 Plate Mail Armor
34:51 Blast Furnace
34:20 Conscription
34:32 Halberdier
41:33 Elite Jarl
42:23 Scale Barding Armor
45:20 Chain Barding Armor
45:55 Bloodlines
45:46 Husbandry
46:37 Plate Barding Armor
45:28 Vendel Legacy
ikaros
9:58 Feudal Age
13:49 Castle Age
11:39 Double-Bit Axe
14:41 Horse Collar
16:04 Bow Saw
17:58 Fletching
18:19 Loom
18:55 Crossbowman
21:49 Bodkin Arrow
24:14 Padded Archer Armor
31:08 Imperial Age
30:19 Ballistics
31:16 Arbalester
31:57 Bracer
34:24 Chemistry
38:19 Forging
38:36 Yeomen
39:58 Pikeman
41:19 Scale Mail Armor
42:32 Halberdier
45:26 Conscription
45:41 Squires
45:58 Chain Mail Armor
45:50 Gold Mining
47:47 Plate Mail Armor
SeuppGustavoCal
10:49 Feudal Age
9:22 Loom
15:04 Castle Age
13:13 Double-Bit Axe
13:17 Horse Collar
13:37 Town Watch
16:19 Bow Saw
20:31 Fletching
23:57 Bodkin Arrow
26:30 Wheelbarrow
26:18 Ballistics
26:38 Gold Mining
27:51 Heavy Plow
33:06 Imperial Age
31:18 Hand Cart
32:08 Eupseong
32:55 Gold Shaft Mining
32:50 Masonry
34:10 Conscription
34:29 Bracer
36:36 Chemistry
36:25 Elite War Wagon
37:56 Scale Mail Armor
38:07 Forging
39:15 Two-Man Saw
39:22 Elite Skirmisher
40:42 Chain Mail Armor
41:03 Iron Casting
45:11 Siege Engineers
45:37 Architecture
Calum1Ltv
10:20 Feudal Age
14:37 Castle Age
12:29 Double-Bit Axe
13:39 Horse Collar
15:09 Loom
16:02 Wheelbarrow
15:40 Bow Saw
16:21 Heavy Plow
18:08 Fletching
22:28 Bodkin Arrow
27:16 Padded Archer Armor
33:41 Hand Cart
38:01 Imperial Age
36:40 Ballistics
36:32 Masonry
36:03 Treadmill Crane
36:42 Squires
36:05 Pikeman
37:29 Leather Archer Armor
37:25 Forging
37:15 Scale Mail Armor
37:29 Masonry
38:13 Heavy Scorpion
39:20 Conscription
39:12 Bracer
39:29 Chain Mail Armor
40:25 Iron Casting
41:20 Chemistry
40:23 Halberdier
41:40 Architecture
44:54 Blast Furnace
44:24 Plate Mail Armor
44:30 Ballistics
45:15 Leather Archer Armor
OffensiveMars
0:28 Loom
10:13 Feudal Age
11:34 Wheelbarrow
10:51 Double-Bit Axe
10:50 Horse Collar
12:26 Loom
15:55 Castle Age
24:19 Forging
24:10 Scale Mail Armor
28:48 Hand Cart
30:01 Scale Barding Armor
30:12 Chain Mail Armor
30:33 Iron Casting
30:12 Squires
30:01 Arson
30:01 Gambesons
33:28 Imperial Age
31:17 Bloodlines
31:11 Husbandry
31:36 Chain Barding Armor
33:51 Bow Saw
33:34 Elite Varangian Guard
34:49 Plate Mail Armor
35:20 Blast Furnace
34:20 Cavalier
35:26 Conscription
35:29 Gold Mining
35:39 Gothikon
37:21 Plate Barding Armor
36:32 Vendel Legacy
37:02 Gothikon
43:10 Pikeman
45:04 Heavy Scorpion
onesecimpoopin
9:25 Loom
12:30 Feudal Age
13:24 Double-Bit Axe
13:25 Horse Collar
15:52 Castle Age
14:22 Stone Mining
14:40 Gold Mining
16:25 Wheelbarrow
17:10 Bow Saw
18:26 Heavy Plow
20:31 Scale Barding Armor
23:43 Stone Shaft Mining
23:50 Gold Shaft Mining
28:23 Imperial Age
26:33 Forging
27:04 Hand Cart
27:23 Tuntian
28:23 Chain Barding Armor
29:34 Conscription
29:41 Ming Guang Armor
30:00 Iron Casting
29:32 Husbandry
32:05 Blast Furnace
30:37 Elite Skirmisher
31:20 Padded Archer Armor
32:43 Elite Tiger Cavalry
34:01 Thumb Ring
34:42 Leather Archer Armor
34:18 Fletching
36:33 Crop Rotation
37:14 Chemistry
35:58 Treadmill Crane
36:55 Bloodlines
36:06 Heavy Hei Guang Cavalry
37:02 Bodkin Arrow
37:38 Ring Archer Armor
41:53 Bracer
Connection lost

Rejoining the realm…

Still unreachable

The connection could not be restored.

Session expired

The server has moved on; the page needs a fresh start.